 Dungeon Crawl Stone Soup version 0.30-a0-830-gfe289a77b0 (webtiles) character file.

Game seed: 9419871539917710989

165 sircluck the Grave Robber (level 5, 0/36 HPs)
             Began as a Human Necromancer on Feb 28, 2023.
             Slain by an endoplasm (3 damage)
             ... on level 4 of the Dungeon.
             The game lasted 00:07:09 (3342 turns).

sircluck the Grave Robber (Human Necromancer)       Turns: 3342, Time: 00:07:10

Health: 0/36       AC:  2    Str:  8    XL:     5   Next: 75%
Magic:  10/10      EV: 12    Int: 17    God:
Gold:   215        SH:  0    Dex: 14    Spells: 5/10 levels left

rFire   . . .      SeeInvis .    k - +0 dagger (protect)
rCold   . . .      Faith    .    (no shield)
rNeg    . . .      Spirit   .    a - +0 robe
rPois   .          Reflect  .    (no helmet)
rElec   .          Harm     .    (no cloak)
rCorr   .          Rampage  .    (no gloves)
Will    .....                    (no boots)
Stlth   ++                       (no amulet)
HPRegen 0.26/turn                (no ring)
MPRegen 0.12/turn                (no ring)

@: no status effects
A: no striking features
a: no special abilities


You were on level 4 of the Dungeon.
You visited 1 branch of the dungeon, and saw 4 of its levels.

You collected 215 gold pieces.

Inventory:

Hand Weapons
 c - a +0 long sword
 k - a +0 dagger of protection (weapon)
 q - a +0 sling
Missiles
 j - 7 poisoned darts
 l - 3 atropa-tipped darts
 n - a throwing net
 r - 9 stones
Armour
 a - a +0 robe (worn)
Jewellery
 g - a ring of protection from fire
 h - a +4 ring of protection
 t - a ring of protection from fire
Scrolls
 b - 2 scrolls of identify {unknown}
 f - 3 scrolls of fear {unknown}
 i - 2 scrolls of noise {unknown}
 m - a scroll of silence {unknown}
 o - a scroll of butterflies {unknown}
 p - a scroll of acquirement {unknown}
 s - a scroll of enchant armour {unknown}
 u - a scroll of vulnerability {unknown}
Potions
 d - 2 potions of heal wounds {unknown}
 e - a potion of resistance {unknown}


   Skills:
 + Level 0.4 Fighting
 + Level 0.2 Short Blades
 + Level 0.1 Ranged Weapons
 + Level 2.4 Dodging
 + Level 2.2 Stealth
 + Level 0.2 Unarmed Combat
 + Level 3.4 Spellcasting
 + Level 5.3 Necromancy


You had 5 spell levels left.
You knew the following spells:

 Your Spells              Type           Power      Damage    Failure   Level
a - Necrotise             Necr           80%        1d8       1%          1
b - Animate Dead          Necr           20%        N/A       19%         4

Your spell library contained the following spells:

 Spells                   Type           Power      Damage    Failure   Level
 Vampiric Draining        Necr           20%        2d7       5%          3
 Agony                    Necr           20%        N/A       45%         5


Dungeon Overview and Level Annotations

Branches:
Dungeon (4/15)
 Temple: D:4-7

Altars:
Ashenzari
Cheibriados
Vehumet


Message History

You are frozen.
The endoplasm hits you but does no damage.
The endoplasm closely misses you.
The endoplasm hits you but does no damage.
The endoplasm freezes you.
You are frozen.
The endoplasm hits you. The endoplasm closely misses you.
The endoplasm hits you but does no damage.
The endoplasm completely misses you. The endoplasm freezes you.
You are frozen.
The endoplasm hits you. The endoplasm hits you. The endoplasm hits you.
The endoplasm freezes you.
You are frozen.
* * * LOW HITPOINT WARNING * * *
The endoplasm closely misses you. The endoplasm closely misses you.
The endoplasm barely misses you. The endoplasm barely misses you.
The endoplasm freezes you.
You are frozen.
The endoplasm hits you.
* * * LOW HITPOINT WARNING * * *
The endoplasm misses you. The endoplasm hits you.
* * * LOW HITPOINT WARNING * * *
The endoplasm freezes you.
You are frozen.
* * * LOW HITPOINT WARNING * * *
The endoplasm closely misses you. The endoplasm closely misses you.
The endoplasm hits you but does no damage.
The endoplasm hits you.
* * * LOW HITPOINT WARNING * * *
The endoplasm closely misses you. The endoplasm hits you.
You die...

##########
######.........
########.....J@#
#......#.###...#
#.####.#.##.....#
#.####.#.###...##
##.#......# ##.##
#.......### #.#
#..#.##.# #.#
#..#.##.# #+#
#.......#


You could see an endoplasm.

Vanquished Creatures
  2 orc wizards (D:2)
  4 gnolls (D:2)
  3 adders
  3 orcs (D:2)
  4 endoplasms
  2 giant cockroaches
  2 goblins
  3 hobgoblins
  2 jackals (D:2)
  A quokka (D:2)
  8 ball pythons
  3 bats
  3 kobolds
  7 rats
47 creatures vanquished.

Vanquished Creatures (collateral kills)
  A dart slug (D:2)
  A goblin (D:2)
  A rat (D:2)
3 creatures vanquished.

Grand Total: 50 creatures vanquished

Notes
Turn   | Place    | Note
-------+----------+-------------------------------------------
     0 | D:1      | sircluck the Human Necromancer began the quest for the Orb.
     0 | D:1      | Reached XP level 1. HP: 13/13 MP: 3/3
   326 | D:1      | Found a faded altar of an unknown god.
   437 | D:1      | Reached XP level 2. HP: 19/19 MP: 3/5
  1157 | D:2      | Reached XP level 3. HP: 3/24 MP: 1/6
  1295 | D:2      | Reached XP level 4. HP: 30/30 MP: 4/8
  1678 | D:2      | Reached skill level 5 in Necromancy
  1686 | D:2      | Reached XP level 5. HP: 25/36 MP: 0/9
  2464 | D:3      | Found a broken altar of Ashenzari.
  2524 | D:3      | Found a snail-covered altar of Cheibriados.
  2526 | D:3      | Found a radiant altar of Vehumet.
  2665 | D:3      | Learned a level 4 spell: Animate Dead
  3342 | D:4      | Slain by an endoplasm

Illustrated notes

Levels and vault maps discovered:
D:1:      sevenhm_arrival_forest_fort_small_4, layout_loops_ring,
          hellmonk_ecumenical_altar_crossroads
D:2:      layout_basic
D:3:      layout_basic, mainiacjoe_overflow_brackets, overflow_temple_1_default,
          nicolae_ashenzari_skybound
D:4:      layout_loops_corners, lemuel_tele_altar,
          minmay_temple_entry_antechambers, serial_shops, shop

Skill      XL: |  1  2  3  4 |
---------------+-------------+-----
Spellcasting   | 3 |  3.4
Necromancy     | 5 |  5.3
Fighting       | |  0.4
Short Blades   | |  0.2
Ranged Weapons | |  0.1
Dodging        | |  2.4
Stealth        | |  2.2
Unarmed Combat | |  0.2

Action                     |  1- 3 |  4- 6 || total
---------------------------+-------+-------++-------
  Melee: Unarmed           |    18 |       ||    18
         Dagger            |     7 |    47 ||    54
   Fire: Sling             |       |    11 ||    11
   Cast: Necrotise         |    33 |    54 ||    87
    Use: Potion            |     1 |       ||     1
   Stab: Sleeping          |     1 |       ||     1
 Armour: Robe              |     6 |    51 ||    57
  Dodge: Dodged            |    20 |    66 ||    86

Table legend: (Time is in decaauts)
 A = Elapsed time spent in this place.
 B = Non-inter-level travel time spent in this place.
 C = Inter-level travel time spent in this place.
 D = Time resting spent in this place.
 E = Time spent auto-exploring this place.
 F = Levels seen in this place.
 G = Mean time per level.
                   A        B        C        D        E       F      G
               +--------+--------+--------+--------+--------+-----+--------+
         Total |   3351 |   3080 |    271 |    433 |   2020 |   4 |  837.8 |
       Dungeon |   3351 |   3080 |    271 |    433 |   2020 |   4 |  837.8 |
               +--------+--------+--------+--------+--------+-----+--------+

Top non-repeatable levels by time:
     D:1: 1345 daAuts
     D:2: 989 daAuts
     D:3: 916 daAuts
     D:4: 100 daAuts
